 Dungeon Crawl Stone Soup version 0.20.1-1-g8b1a95d (webtiles) character file.

73927 Timinator the Brawler (level 15, -7/152 HPs)
             Began as a Troll Monk on Nov 2, 2017.
             Was a High Priest of Trog.
             Mangled by a six-headed hydra (12 damage)
             ... on level 13 of the Dungeon.
             The game lasted 00:33:19 (21589 turns).

Timinator the Brawler (Troll Monk)                 Turns: 21589, Time: 00:33:20

Health: -7/152     AC: 18    Str: 23    XL:     15   Next: 5%
Magic:  14/14      EV: 15    Int:  9    God:    Trog [*****.]
Gold:   1205       SH: 10    Dex: 19    Spells: 14/14 levels left

rFire    + + .     SeeInvis +     - Unarmed
rCold    . . .     Gourm    +   E - +0 shield {AC+3}
rNeg     . . .     Faith    .   L - +0 acid dragon scales
rPois    .         Spirit   .   C - +2 hat {SInv}
rElec    +         Reflect  .   x - scarf {repulsion}
rCorr    +         Harm     .   (gloves unavailable)
MR       +....                  (boots unavailable)
Stlth    +++.......             (no amulet)
Regen    0.8/turn               H - ring of Cuteate {*Slow +Inv rF++ Str+2 Slay+2}
MPRegen  0.2/turn               z - ring of Nypleshru {rElec Str-2 Int+3 Slay+3 Stlth+} (curse)

@: lethally poisoned (-7 -> -11), berserk cooldown, slowed, repel missiles, very
slow
A: unfitting armour, claws 3, talons 1, thin skeletal structure 1, yellow scales
1, fast metabolism 3, gourmand, regeneration 1, shaggy fur 1, tough skin 2
a: Berserk, Trog's Hand, Brothers in Arms, Burn Spellbooks, Renounce Religion,
Evoke Invisibility


You were on level 13 of the Dungeon.
You worshipped Trog.
Trog was extremely pleased with you.
You were near starving.

You visited 4 branches of the dungeon, and saw 22 of its levels.
You also visited: Labyrinth and Ice Cave.

You collected 2030 gold pieces.
You spent 825 gold pieces at shops.

Inventory:

Hand Weapons
 e - a +2 hunting sling of velocity
Armour
 x - a scarf of repulsion (worn)
 C - a +2 hat of see invisible (worn)
 E - a +0 shield of protection (worn)
 L - +0 acid dragon scales (worn)
Jewellery
 z - the cursed ring of Nypleshru (right claw) {rElec Str-2 Int+3 Slay+3 Stlth+}
   (You bought it in a shop on level 2 of the Orcish Mines)

   [ring of strength]

   It affects your strength (-2).
   It affects your intelligence (+3).
   It affects your accuracy and damage with ranged weapons and melee attacks
   (+3).
   It insulates you from electricity.
   It makes you more stealthy.
   It has a curse placed upon it.
 H - the ring of Cuteate (left claw) {*Slow +Inv rF++ Str+2 Slay+2}
   (You found it in a labyrinth)

   [ring of strength]

   It affects your strength (+2).
   It affects your accuracy and damage with ranged weapons and melee attacks
   (+2).
   It greatly protects you from fire.
   It lets you turn invisible.
   It may slow you when you take damage.
Wands
 d - a wand of disintegration (12/24)
 h - a wand of random effects (22/48)
 t - a wand of digging (12/24)
 u - a wand of enslavement (18/24)
 y - a wand of acid (14/15)
 D - a wand of random effects (6/48)
 I - a wand of confusion (23/48)
 K - a wand of scattershot (6/9)
 O - a wand of digging (6/24)
Scrolls
 f - 5 scrolls of identify
 i - a scroll of immolation
 k - 16 scrolls of teleportation
 l - 7 scrolls of fear
 v - 2 scrolls of remove curse
 B - 2 scrolls of enchant weapon
 G - a scroll of fog
 J - 2 scrolls of recharging
Potions
 a - a potion of resistance {unknown}
 g - a potion of berserk rage {unknown}
 j - 3 potions of invisibility
 m - a potion of magic
 n - 2 potions of might
 o - 5 potions of curing
 p - 4 potions of agility
 q - 3 potions of heal wounds
 r - a potion of brilliance {unknown}
 w - 3 potions of mutation
 M - a potion of flight
Miscellaneous
 A - a phantom mirror
Comestibles
 b - 15 bread rations
 c - 4 meat rations
 s - 11 fruits


   Skills:
 + Level 10.5 Fighting
 + Level 10.3 Armour
 + Level 10.6 Dodging
 - Level 1.0 Stealth
 * Level 3.1 Shields
 * Level 16.4 Unarmed Combat


You had 14 spell levels left.
You didn't know any spells.

Dungeon Overview and Level Annotations

Branches:
Dungeon (13/15)            Temple (1/1) D:4            Lair (6/6) D:8
  Swamp (0/4) Lair:2        Snake (0/4) Lair:4        Slime (0/5) Lair:6
    Orc (2/2) D:11            Elf (0/3) Orc:2
 Vaults: D:13-14

Altars:
Ashenzari
Cheibriados
Dithmenos
Elyvilon
Fedhas
Gozag
Hepliaklqana
Kikubaaqudgha
Makhleb
Nemelex Xobeh
Okawaru
Qazlal
Ru
Sif Muna
Trog
Uskayaw
Vehumet
Xom
Yredelemnul
Zin
The Shining One

Shops:
D:4 }   D:6 *   D:7 ?   D:10 [   Orc:2 ([:*


Innate Abilities, Weirdness & Mutations

You are too large for most types of armour.
You have claws for hands.
Your metabolism is lightning-fast.
You like to eat raw meat.
Your natural rate of healing is unusually fast.
You are covered in fur. (AC +1)
You have very tough skin. (AC +2)
You have sharp toenails.
You have a somewhat thin skeletal structure. (Dex +2, Stealth)
You are partially covered in yellow scales. (AC +2)


Message History

* * * LOW HITPOINT WARNING * * *
The five-headed hydra bites you.
* * * LOW HITPOINT WARNING * * *
Your iron troll barely misses the yaktaur captain.
Your iron troll claws the yaktaur captain!!
The yaktaur captain dies!
Trog accepts your kill.
Okay, then.
You tear one of the five-headed hydra's heads off!
The four-headed hydra grows two more!
You claw the six-headed hydra! x2
The six-headed hydra is almost dead.
You feel sick.
The six-headed hydra bites you but does no damage.
You block the six-headed hydra's attack.
The six-headed hydra bites you but does no damage.
You block the six-headed hydra's attack.
The six-headed hydra bites you!
* * * LOW HITPOINT WARNING * * *
The six-headed hydra bites you!
You die...

#.........#####......#
#..<......+...#>.....+
#.........###.'......#
#......^..# ###......#
#(........# ####'###
#.........# #.#
########+## #####.#
#...(#####.....##
#...T(.D@.......#
##+.))#######'.#.####
#...(## #⌠.⌠.#......#
#...##.##....#......#
#...8..$#._..#......#
#......Q#....#......######
#......$#....#............
#...8..$#._.)#......######
#...##.##....#.###.##


You could see a six-headed hydra and a friendly iron troll (berserk).

Vanquished Creatures
  Gastronok (Lair:3)
  A white draconian (IceCv)
  A fire dragon (Lair:6)
  The ghost of Timinator the Grappler, a journeyman TrMo of Trog (D:10)
  A minotaur (Lab)
  Erolcha (Orc:1)
  Fannar (Orc:1)
  Harold (Lair:3)
  2 hydras
  Erica (Lair:1)
  2 anacondas (Lair:4)
  5 two-headed ogres
  7 death yaks
  The ghost of Ratty the Severer, a novice MiBe of Trog (D:9)
  Urug (Lair:2)
  2 orc high priests (Orc:2)
  Nergalle (Lair:2)
  A fire crab (Lair:6)
  An unseen horror (D:11)
  A deep elf mage (D:12)
  5 orc knights
  3 ugly things
  A cyclops (D:11)
  4 orc sorcerers (Orc:2)
  A manticore (D:13)
  An oklob plant (Lair:4)
  2 elephants (Lair:2)
  8 black mambas
  2 centaur zombies (D:13)
  A molten gargoyle (Lair:6)
  A centaur skeleton (D:13)
  9 spiny frogs
  7 komodo dragons
  A freezing wraith (D:13)
  2 ice devils (D:11)
  2 rime drakes
  3 trolls
  Prince Ribbit (D:7)
  13 polar bears
  Grinder (D:3)
  2 hornets (D:10)
  7 slime creatures
  11 blink frogs
  A spriggan (D:7)
  5 hippogriffs
  A shadow (D:13)
  31 yaks
  4 basilisks
  2 wyverns
  2 hogs (D:12)
  5 hungry ghosts
  A wraith (D:13)
  The ghost of letownia2 the Grave Robber, an amateur DDNe (D:5)
  Menkaure (D:4)
  3 wargs
  15 water moccasins
  An acid dragon (D:13)
  4 hell hounds (Lair:6)
  28 orc warriors
  8 porcupines
  A sky beast (D:9)
  A black bear (D:10)
  3 ice beasts
  2 phantoms
  A necrophage (D:12)
  12 ogres
  23 wolves
  10 centaurs
  4 big kobolds
  5 crocodiles
  17 bullfrogs
  A water moccasin skeleton (D:11)
  3 scorpions
  8 wights
  An electric eel (D:6)
  2 lava snakes (Lair:6)
  6 crimson imps
  3 quasits
  13 orc priests
  2 hounds
  10 jellies
  19 orc wizards
  2 bullfrog skeletons
  Natasha (twice) (D:2)
  10 iguanas
  11 worker ants
  5 hell rats (Lair:4)
  Terence (D:2)
  The ghost of letownia2 the Grave Robber, a weakling DDNe (D:3)
  A hound zombie (D:10)
  A worker ant zombie (D:10)
  10 adders
  4 gnolls (D:3)
  4 shadow imps
  9 oozes
  An adder skeleton (D:8)
  2 worms
  4 dart slugs
  4 leopard geckos
  101 orcs
  5 bat zombies (D:9)
  4 giant cockroaches
  11 goblins
  3 hobgoblins
  12 jackals
  5 quokkas
  3 ball pythons
  5 bats
  5 frilled lizards
  A jackal skeleton (D:6)
  10 kobolds
  A leopard gecko zombie (D:5)
  A quokka skeleton (D:9)
  7 rats
627 creatures vanquished.

Vanquished Creatures (collateral kills)
  Kirke (D:12)
  A tengu reaver (D:13)
  An orc warlord (Orc:2)
  A yaktaur captain (D:13)
  A hydra (Lair:6)
  A catoblepas (Lair:2)
  A lindwurm (Lair:2)
  A black mamba (Lair:6)
  2 molten gargoyles (Lair:6)
  3 wyverns (Lair:6)
  2 yaks (D:9)
  2 steam dragons (Lair:6)
  4 orc warriors (Orc:2)
  A bullfrog (D:12)
  An electric eel (Lair:2)
  2 lava snakes (Lair:6)
25 creatures vanquished.

Vanquished Creatures (others)
  3 polar bears (IceCv)
  4 humans (D:12)
  3 yaks (IceCv)
  A jelly (D:12)
  An orc priest (Orc:2)
  An adder (D:12)
  A bush (Lair:6)
  11 fungi
  5 plants
  19 toadstools
49 creatures vanquished.

Grand Total: 701 creatures vanquished

Notes
Turn   | Place    | Note
-------+----------+-------------------------------------------
     0 | D:1      | Timinator the Troll Monk began the quest for the Orb.
     0 | D:1      | Reached XP level 1. HP: 22/22 MP: 0/0
   559 | D:1      | Reached XP level 2. HP: 29/29 MP: 1/1
   727 | D:2      | Noticed Terence
   859 | D:2      | Reached XP level 3. HP: 23/36 MP: 2/2
   910 | D:2      | Killed Terence
   931 | D:2      | Reached skill level 4 in Unarmed Combat
  1045 | D:2      | Reached XP level 4. HP: 44/44 MP: 3/3
  1463 | D:2      | Noticed Natasha
  1468 | D:2      | Killed Natasha
  1468 | D:2      | Reached skill level 1 in Armour
  1608 | D:2      | Noticed Natasha
  1615 | D:2      | Killed Natasha
  1615 | D:2      | Reached XP level 5. HP: 48/53 MP: 4/4
  1754 | D:3      | Noticed Grinder
  1767 | D:3      | Killed Grinder
  1767 | D:3      | Reached skill level 5 in Unarmed Combat
  1767 | D:3      | Reached XP level 6. HP: 40/61 MP: 5/5
  1852 | D:3      | Noticed letownia2's ghost (weakling DDNe)
  1861 | D:3      | Killed letownia2's ghost
  2696 | D:4      | Found Luudwoq's Gadget Boutique.
  2766 | D:4      | Reached XP level 7. HP: 61/67 MP: 6/6
  2931 | D:4      | Found a staircase to the Ecumenical Temple.
  3022 | D:4      | Noticed Menkaure
  3031 | D:4      | Killed Menkaure
  3031 | D:4      | Reached skill level 6 in Unarmed Combat
  3387 | D:4      | Found a snail-covered altar of Cheibriados.
  3486 | D:5      | Entered Level 5 of the Dungeon
  3711 | D:5      | Gained mutation: You have a somewhat thin skeletal structure. (Dex +2, Stealth) [potion of mutation]
  3711 | D:5      | Gained mutation: You have sharp toenails. [potion of mutation]
  3847 | D:5      | Reached XP level 8. HP: 59/78 MP: 7/7
  4037 | Temple   | Entered the Ecumenical Temple
  4232 | Temple   | Became a worshipper of Trog the Wrathful
  4232 | Temple   | Reached * piety under Trog
  4232 | Temple   | Reached ** piety under Trog
  4450 | D:5      | Noticed letownia2's ghost (amateur DDNe)
  4462 | D:5      | Killed letownia2's ghost
  4462 | D:5      | Reached skill level 7 in Unarmed Combat
  4704 | D:6      | Found a shimmering altar of Xom.
  4857 | D:6      | Found Sonnoboc's Assorted Antiques.
  4967 | D:6      | Found a sparkling altar of Nemelex Xobeh.
  5100 | D:6      | Found a sacrificial altar of Ru.
  5412 | D:6      | Found a radiant altar of Vehumet.
  5708 | D:6      | Found a basalt altar of Yredelemnul.
  5715 | D:6      | Reached skill level 5 in Fighting
  5811 | D:7      | Found Boskyl's Magic Scroll Emporium.
  5832 | D:7      | Got a dazzling long sword
  5833 | D:7      | Identified the cursed +1 long sword of Doom {slice, Str+2} (You found it on level 7 of the Dungeon)
  5841 | D:7      | Bought 2 scrolls of fear for 91 gold pieces
  5841 | D:7      | Bought a scroll of teleportation for 39 gold pieces
  5907 | D:7      | Reached skill level 8 in Unarmed Combat
  5907 | D:7      | Reached XP level 9. HP: 80/88 MP: 8/8
  5909 | D:7      | Reached skill level 5 in Dodging
  5952 | D:7      | Reached *** piety under Trog
  6125 | D:7      | Found a bloodstained altar of Trog.
  6175 | D:7      | Noticed Prince Ribbit
  6187 | D:7      | Reached skill level 9 in Unarmed Combat
  6194 | D:7      | Killed Prince Ribbit
  6724 | D:8      | Found a blossoming altar of Fedhas.
  6779 | D:8      | Reached skill level 5 in Armour
  6790 | D:8      | Found a hide-covered altar of Uskayaw.
  6938 | D:8      | Found an iron altar of Okawaru.
  6986 | D:8      | Reached **** piety under Trog
  7231 | D:8      | Found a staircase to the Lair.
  7298 | D:9      | Noticed a two-headed ogre
  7301 | D:9      | Noticed Ratty's ghost (novice MiBe)
  7305 | D:9      | Killed a two-headed ogre
  7305 | D:9      | Reached XP level 10. HP: 98/98 MP: 9/9
  7313 | D:9      | Killed Ratty's ghost
  7313 | D:9      | Reached skill level 10 in Unarmed Combat
  7930 | D:9      | Found an ancient bone altar of Kikubaaqudgha.
  8264 | D:9      | Reached skill level 11 in Unarmed Combat
  8457 | D:10     | Entered Level 10 of the Dungeon
  8546 | D:10     | Noticed Timinator's ghost (journeyman TrMo)
  8554 | D:10     | Killed Timinator's ghost
  8554 | D:10     | Reached XP level 11. HP: 109/109 MP: 10/10
  8682 | D:10     | Reached ***** piety under Trog
  8687 | D:10     | Found Diatyr's Armour Shop.
  8709 | D:10     | Bought a scarf of repulsion for 180 gold pieces
  9106 | D:10     | Noticed a two-headed ogre
  9111 | D:10     | Killed a two-headed ogre
  9478 | D:11     | Received a gift from Trog
  9520 | D:11     | Found a staircase to the Orcish Mines.
  9574 | D:11     | Found a frozen archway.
  9641 | IceCv    | Entered an ice cave
  9994 | IceCv    | Reached skill level 12 in Unarmed Combat
 10436 | IceCv    | Noticed a death yak
 10436 | IceCv    | Noticed a white draconian
 10444 | IceCv    | Reached XP level 12. HP: 119/119 MP: 11/11
 10456 | IceCv    | Killed a death yak
 10700 | IceCv    | Killed a white draconian
 11087 | D:11     | Noticed a two-headed ogre
 11092 | D:11     | Killed a two-headed ogre
 11141 | D:11     | Reached skill level 13 in Unarmed Combat
 11203 | D:11     | Received a gift from Trog
 11999 | Lair:1   | Entered Level 1 of the Lair of Beasts
 11999 | Lair:1   | Found a labyrinth entrance.
 12054 | Lab      | Entered a labyrinth
 12326 | Lab      | Noticed a minotaur
 12339 | Lab      | Killed a minotaur
 12356 | Lab      | Got a scintillating iron ring
 12358 | Lab      | Identified the Reference Book on the Voyage
 12366 | Lab      | Identified the ring of Cuteate {*Slow +Inv rF++ Str+2 Slay+2} (You found it in a labyrinth)
 12405 | Lair:1   | Noticed Erica
 12414 | Lair:1   | Killed Erica
 13381 | Lair:2   | Noticed a death yak
 13382 | Lair:2   | Noticed a death yak
 13382 | Lair:2   | Noticed a death yak
 13383 | Lair:2   | Noticed a death yak
 13383 | Lair:2   | Noticed a death yak
 13384 | Lair:2   | Noticed a death yak
 13394 | Lair:2   | Killed a death yak
 13398 | Lair:2   | Killed a death yak
 13403 | Lair:2   | Killed a death yak
 13403 | Lair:2   | Reached XP level 13. HP: 130/130 MP: 12/12
 13410 | Lair:2   | Reached skill level 14 in Unarmed Combat
 13670 | Lair:2   | Found a staircase to the Swamp.
 13823 | Lair:2   | Found a runed door.
 13917 | Lair:2   | Noticed Nergalle
 13924 | Lair:2   | Killed Nergalle
 14105 | Lair:2   | Noticed Urug
 14112 | Lair:2   | Killed Urug
 14900 | Lair:3   | Noticed Harold
 14906 | Lair:3   | Noticed Gastronok
 14909 | Lair:3   | Killed Harold
 15006 | Lair:3   | Killed Gastronok
 15006 | Lair:3   | Reached ****** piety under Trog
 15216 | Lair:3   | Received a gift from Trog
 15933 | Lair:4   | Reached skill level 15 in Unarmed Combat
 16406 | Lair:4   | Reached XP level 14. HP: 114/141 MP: 13/13
 16493 | Lair:4   | Found a staircase to the Snake Pit.
 17653 | Lair:6   | Entered Level 6 of the Lair of Beasts
 17780 | Lair:6   | Found a staircase to the Slime Pits.
 17861 | Lair:6   | Reached skill level 10 in Dodging
 18073 | Lair:6   | Found a large runed door.
 18074 | Lair:6   | Found a large runed door.
 18744 | Orc:1    | Entered Level 1 of the Orcish Mines
 18747 | Orc:1    | Noticed Fannar
 18749 | Orc:1    | Noticed Erolcha
 18766 | Orc:1    | Killed Erolcha
 18772 | Orc:1    | Killed Fannar
 18772 | Orc:1    | Reached skill level 10 in Fighting
 18971 | Orc:2    | Entered Level 2 of the Orcish Mines
 18972 | Orc:2    | Found Zumawk's Antique Armour Emporium.
 19563 | Orc:2    | Gained mutation: You are partially covered in yellow scales. (AC +2) [a neqoxec]
 19564 | Orc:2    | Paralysed by an orc sorcerer for 3 turns
 19695 | Orc:2    | Found a staircase to the Elven Halls.
 19719 | Orc:2    | Found Vesien's Book Shoppe.
 19727 | Orc:2    | HP: 4/143 [orc warrior/glaive (18)]
 19885 | Orc:2    | Reached skill level 10 in Armour
 19954 | Orc:2    | Reached skill level 16 in Unarmed Combat
 19959 | Orc:2    | Received a gift from Trog
 19973 | Orc:2    | Noticed an orc warlord
 19975 | Orc:2    | Reached skill level 1 in Shields
 19979 | Orc:2    | Killed an orc warlord
 20093 | Orc:2    | Found Irec's Antique Weapon Boutique.
 20196 | Orc:2    | Found Orphees's General Store.
 20610 | Orc:2    | Bought the cursed ring of Nypleshru {rElec Str-2 Int+3 Slay+3 Stlth+} for 515 gold pieces
 20687 | D:12     | Received a gift from Trog
 20815 | D:12     | Noticed Kirke
 20854 | D:12     | Killed Kirke
 20997 | D:12     | Found a hide-covered altar of Uskayaw.
 21529 | D:13     | Found a shadowy altar of Dithmenos.
 21529 | D:13     | Found a shadowy altar of Dithmenos.
 21541 | D:13     | Reached XP level 15. HP: 140/152 MP: 14/14
 21544 | D:13     | Noticed a tengu reaver
 21587 | D:13     | Killed a tengu reaver
 21589 | D:13     | HP: 5/152 [six-headed hydra (13)]
 21589 | D:13     | Mangled by a six-headed hydra

Skill      XL: |  1  2  3  4  5  6  7  8  9 10 11 12 13 14 |
---------------+-------------------------------------------+-----
Unarmed Combat | 4 5 6 8 9 11 12 13 15 16 | 16.4
Fighting       | 3 4 5 6 7 8 9 10 | 10.5
Armour         | 1 2 3 4 5 6 7 8 9 10 | 10.3
Dodging        | 3 4 6 7 8 9 10 | 10.6
Shields        | 3 |  3.1
Stealth        | |  1.0

Action                   |  1- 3 |  4- 6 |  7- 9 | 10-12 | 13-15 || total
-------------------------+-------+-------+-------+-------+-------++-------
Melee: Unarmed           |    51 |   122 |   284 |   523 |   659 ||  1639
       Punch             |       |     4 |     8 |    42 |       ||    54
       Kick              |       |       |    76 |   203 |   270 ||   549
Invok: Berserk           |       |       |     2 |    14 |    11 ||    27
       Burn Spellbooks   |       |       |       |     2 |     3 ||     5
       Brothers in Arms  |       |       |       |     1 |     7 ||     8
       Trog's Hand       |       |       |       |       |     1 ||     1
Evoke: Wand              |       |       |       |       |     9 ||     9
  Use: Potion            |       |     1 |     8 |     4 |     1 ||    14
       Scroll            |       |       |     7 |    10 |     6 ||    23
 Stab: Sleeping          |     1 |     4 |     4 |    10 |     7 ||    26
       Distracted        |       |       |     2 |     2 |     2 ||     6
  Eat: Fruit             |     2 |       |       |       |       ||     2
       Royal jelly       |     1 |       |     2 |     1 |     4 ||     8
       Chunk             |     3 |    23 |    23 |    71 |    65 ||   185
       Meat ration       |       |       |     2 |       |     1 ||     3
       Bread ration      |       |       |       |       |     3 ||     3
Armor: Robe              |    18 |    23 |    53 |   152 |   117 ||   363
       Acid dragon scale |       |       |       |       |    12 ||    12
Dodge: Dodged            |    30 |    43 |   148 |   350 |   331 ||   902
       Deflected         |       |       |       |     9 |     5 ||    14
Block: Shield            |       |       |       |    12 |   237 ||   249
